 Dungeon Crawl Stone Soup version 0.31.0-11-ge490571c62 (webtiles) character file.

Game seed: 16617985498579361377

625 SnakkuSnakku7 the Insei (level 7, -1/52 HPs)
             Began as a Merfolk Air Elementalist on Jan 31, 2024.
             Was a Priest of Wu Jian.
             Slain by a crocodile (11 damage)
             ... in a sewer.
             The game lasted 00:06:00 (3257 turns).

SnakkuSnakku7 the Insei (Merfolk Air Elementalist)  Turns: 3257, Time: 00:06:01

Health: -1/52      AC:  7    Str: 10    XL:     7   Next: 47%
Magic:  19/19      EV: 15    Int: 14    God:    Wu Jian [***...]
Gold:   152        SH:  0    Dex: 15    Spells: 9/10 levels left

rFire   . .          .
                       - Unarmed
rCold   . . .        (no shield)
rNeg    . . .        m - +3 leather armour
rPois   .            d - +0 helmet
rElec   .            (no cloak)
rCorr   .            (no gloves)
SInv    .            (boots currently unavailable)
Will    .....        (no amulet)
Stlth   +++          (no ring)
HPRegen 0.28/turn    j - ring of magical power
MPRegen 0.16/turn

%: no passive effects
@: very quick
A: nimble swimmer 2, mertail
a: Renounce Religion, Wall Jump, Serpent's Lash


You were in a sewer.
You worshipped Wu Jian.
Wu Jian was most pleased with you.
You visited 1 branch of the dungeon, and saw 4 of its levels.
You also visited: Sewer.

You collected 152 gold pieces.

Inventory:

Armour
 a - a +0 robe
 d - a +0 helmet (worn)
 m - a +3 leather armour (worn)
Jewellery
 j - a ring of magical power (right hand)
 l - a ring of flight
Scrolls
 c - 5 scrolls of teleportation
 h - a scroll of blinking {unknown}
 k - a scroll of fog {unknown}
Potions
 b - 2 potions of magic
 e - a potion of heal wounds
 f - 2 potions of brilliance {unknown}
 g - a potion of attraction
 n - a potion of mutation
 o - a potion of degeneration {unknown}
 p - a potion of cancellation {unknown}
 q - 2 potions of might {unknown}


   Skills:
 - Level 3.5 Fighting
 - Level 2.6 Dodging
 - Level 2.1 Stealth
 + Level 5.9 Unarmed Combat
 - Level 2.0 Spellcasting
 - Level 0.7 Conjurations
 - Level 2.4 Air Magic
 + Level 4.8 Shapeshifting


You had 9 spell levels left.
You knew the following spells:

 Your Spells              Type           Power      Damage    Failure   Level
a - Shock                 Conj/Air       20%        1d4       17%         1

Your spell library contained the following spells:

 Spells                   Type           Power      Damage    Failure   Level
 Static Discharge         Conj/Air       10%        3-4/arc   26%         2
 Swiftness                Air            8%         N/A       36%         3
 Call Imp                 Summ           2%         N/A       43%         2
 Sublimation of Blood     Necr           1%         N/A       43%         2
 Fugue of the Fallen      Necr           1%         N/A       67%         3
 Ozocubu's Armour         Ice            1%         N/A       67%         3
 Airstrike                Air            4%         2d(1-17)  77%         4
 Ignite Poison            Fire/Alch      1%         N/A       97%         4
 Manifold Assault         Tloc           1%         N/A       97%         4
 Sticky Flame             Fire/Alch      1%         2d4       97%         4
 Summon Hydra             Summ           0%         N/A       100%        7
 Ignition                 Fire           0%         3d3       100%        8


Dungeon Overview and Level Annotations

Branches:
Dungeon (4/15)              Sewer (1/1)
 Temple: D:4-7

Altars:
Wu Jian

Shops:
D:3 =

Annotations:
D:4 Natasha


Innate Abilities, Weirdness & Mutations

You are very nimble when in or above water. (Stealth+, EV+, Speed+++)
Your lower body shifts to a powerful aquatic tail in water.


Message History

The crocodile is heavily wounded.
The crocodile hisses menacingly.
The crocodile misses you.
You hit the crocodile.
The crocodile is heavily wounded.
The crocodile bites you but does no damage.
You hit the crocodile.
Your tail-slap misses the crocodile.
The crocodile is heavily wounded.
The crocodile bites you.
You barely miss the crocodile.
The crocodile is heavily wounded.
The crocodile closely misses you.
You closely miss the crocodile.
The crocodile is heavily wounded.
The crocodile bites you.
You barely miss the crocodile.
The crocodile is heavily wounded.
The crocodile misses you.
You hit the crocodile.
The crocodile is heavily wounded.
The crocodile barely misses you.
You hit the crocodile.
The crocodile is severely wounded.
You closely miss the crocodile. You tail-slap the crocodile.
The crocodile is severely wounded.
The crocodile bites you!
* * * LOW HITPOINT WARNING * * *
You hit the crocodile but do no damage.
Your tail-slap misses the crocodile.
The crocodile is severely wounded.
The crocodile bites you.
* * * LOW HITPOINT WARNING * * *
The crocodile attacks as it pursues you!
The crocodile completely misses you.
The crocodile attacks as it pursues you!
The crocodile closely misses you.
Things that are here:
a +0 club; 8 poisoned darts The crocodile attacks as it pursues you!
The crocodile bites you!
You die...

≈≈ ≈≈≈≈≈≈≈≈≈≈≈≈ ~ ≈≈≈≈≈≈≈≈≈≈≈ ~#
###########.P≈≈≈≈≈≈≈≈ ..###~###
~~~~~~)~~~~P~.~≈≈≈≈≈≈ ~~~#~#.#
###########.~.~~~≈≈≈≈ ..~...~#
..# #.~~~~~.~.~~.≈≈≈≈ ~...~.. .##
###~#.~......≈≈≈≈ .~...~. ###
#~#..~.~.############)..~.~
#.#####~#~~~.~.~@l)~~~~~~~)P.~~.~
.~~#.##~#...P..############).~...
#~~.#..~#~~~~~~.. ≈≈≈≈≈PP...~..
#######~#~~~.~P..≈ ≈≈≈≈≈≈~#~#.≈≈
~~~~~~#~#~.~~~~P~. ≈≈≈≈≈≈≈ ~# ≈≈
#######~#~..~~~.P.≈ ≈≈≈≈≈≈≈ ~# ≈
~#~#.~#~#~.~..~.P~≈≈≈≈≈≈≈≈≈ ~#
.#~#...P..~.~~.~~~########≈ ~#
~#÷#......~~~...P ≈≈ ~#


You could see a crocodile.

Vanquished Creatures
  A crocodile (Sewer)
  4 kobold brigands (Sewer)
  An orc wizard (D:3)
  13 adders
  3 gnolls (D:3)
  A dart slug (D:3)
  A ribbon worm (D:4)
  12 orcs (D:3)
  6 ball pythons
  4 endoplasms
  A giant cockroach (D:1)
  4 goblins
  6 hobgoblins
  3 jackals
  2 quokkas
  3 bats
  8 frilled lizards
  6 kobolds
  5 rats
84 creatures vanquished.

Notes
Turn   | Place    | Note
-------+----------+-------------------------------------------
     0 | D:1      | SnakkuSnakku7 the Merfolk Air Elementalist began the quest
                  | for the Orb.
     0 | D:1      | Reached XP level 1. HP: 13/13 MP: 3/3
    45 | D:1      | Found a faded altar of an unknown god.
    81 | D:1      | Prayed at the altar of an unknown god.
    81 | D:1      | Became a worshipper of the Wu Jian Council
    81 | D:1      | Reached * piety under Wu Jian
   129 | D:1      | Reached skill level 1 in Fighting
   129 | D:1      | Reached skill level 1 in Unarmed Combat
   204 | D:1      | Reached XP level 2. HP: 21/21 MP: 5/5
   577 | D:2      | Reached XP level 3. HP: 13/27 MP: 3/6
   649 | D:2      | Reached skill level 2 in Unarmed Combat
   906 | D:2      | Reached XP level 4. HP: 25/34 MP: 7/7
   949 | D:2      | Reached ** piety under Wu Jian
  1162 | D:2      | Reached skill level 3 in Unarmed Combat
  1586 | D:3      | Reached XP level 5. HP: 7/41 MP: 8/8
  1999 | D:3      | Found Tyicu's Jewellery Shoppe.
  2067 | D:3      | Reached skill level 1 in Shapeshifting
  2283 | D:3      | Reached skill level 4 in Unarmed Combat
  2466 | D:4      | Noticed a black bear
  2469 | D:4      | Noticed Natasha
  2593 | D:4      | Found a glowing drain.
  2626 | Sewer    | Entered a sewer
  2729 | Sewer    | Reached XP level 6. HP: 47/47 MP: 9/9
  3015 | Sewer    | Reached skill level 5 in Unarmed Combat
  3046 | Sewer    | Reached XP level 7. HP: 22/52 MP: 10/10
  3198 | Sewer    | Reached *** piety under Wu Jian
  3257 | Sewer    | Slain by a crocodile

Illustrated notes

Levels and vault maps discovered:
D:1:      dpeg_arrival_shelter, layout_basic,
          hellmonk_ecumenical_altar_inner_sanctum
D:2:      layout_loops_ring, kennysheep_decorative_pillar
D:3:      layout_loops_ring, serial_shops, nicolae_shop_just_a_little_nook
D:4:      layout_rooms, mainiacjoe_overflow_catch_the_wave,
          chequers_temple_overflow_statue_of_worship,
          minmay_temple_entry_overgrown, cheibrodos_sewer_entry_drain,
          uniq_pargi, uniq_pikel, uniq_natasha
Sewer:    sewer_co_scattered_pipes

Skill      XL: |  1  2  3  4  5  6 |
---------------+-------------------+-----
Fighting       | 1 2 3 |  3.5
Unarmed Combat | 1 2 3 4 5 |  5.9
Shapeshifting  | 2 4 |  4.8
Dodging        | |  2.6
Stealth        | |  2.1
Spellcasting   | |  2.0
Conjurations   | |  0.7
Air Magic      | |  2.4

Action                     |  1- 3 |  4- 6 |  7- 9 || total
---------------------------+-------+-------+-------++-------
  Melee: Unarmed           |   104 |   317 |    62 ||   483
         Punch             |     1 |     8 |     1 ||    10
         Tailslap          |       |     9 |    10 ||    19
   Cast: Shock             |    19 |     3 |       ||    22
Ability: Lunge             |     7 |    16 |     1 ||    24
         Whirlwind         |     3 |     1 |       ||     4
    Use: Scroll            |     1 |     3 |       ||     4
         Potion            |     1 |     3 |       ||     4
   Stab: Sleeping          |     5 |     5 |       ||    10
 Armour: Robe              |    69 |    50 |       ||   119
         Leather armour    |       |    94 |    25 ||   119
  Dodge: Dodged            |    73 |   171 |    31 ||   275
